 Dungeon Crawl Stone Soup version 0.28.0-1-gb440e238dd (webtiles) character file.

Game seed: 2221957965271876829

13 Zeldest the Magician (level 2, 0/14 HPs)
             Began as a Vine Stalker Wanderer on Feb 24, 2022.
             Slain by a hobgoblin (2 damage)
             ... on level 1 of the Dungeon.
             The game lasted 00:02:32 (444 turns).

Zeldest the Magician (Vine Stalker Wanderer)         Turns: 444, Time: 00:02:33

Health: 0/14       AC:  2    Str: 11    XL:     2   Next: 37%
Magic:  0/6        EV: 10    Int: 17    God:
Gold:   34         SH:  3    Dex: 11    Spells: 5/5 levels left

rFire   + . .      SeeInvis .   a - +0 dagger
rCold   + . .      Faith    .   c - +0 buckler
rNeg    . . .      Spirit   +   b - +0 robe
rPois   .          Reflect  .   (no helmet)
rElec   .          Harm     .   f - scarf {rC+ rF+}
rCorr   .          Rampage  .   (no gloves)
Will    .....                   (no boots)
Stlth   +.........              (no amulet)
HPRegen 0.04/turn               (no ring)
MPRegen 0.10/turn               (no ring)

@: no status effects
A: fangs 2, magic shield, antimagic bite, no potion heal 2
a: no special abilities


You were on level 1 of the Dungeon.
You visited 1 branch of the dungeon, and saw 1 of its levels.

You collected 34 gold pieces.

Inventory:

Hand Weapons
 a - a +0 dagger (weapon)
Armour
 b - a +0 robe (worn)
 c - a +0 buckler (worn)
 d - a +0 cloak
 f - a scarf of resistance (worn)
Scrolls
 e - a scroll of fear {unknown}
 h - a scroll of enchant weapon {unknown}
Potions
 g - a potion of might {unknown}


   Skills:
 + Level 1.3 Fighting
 - Level 1.0 Armour
 + Level 1.3 Shields
 * Level 1.2 Unarmed Combat
 - Level 2.1 Spellcasting
 - Level 2.0 Necromancy
 - Level 2.0 Air Magic
 - Level 1.0 Evocations


You had 5 spell levels left.
You didn't know any spells.
Your spell library contained the following spells:

 Spells                   Type           Power      Damage    Failure   Level
 Animate Skeleton         Necr           16%        N/A       11%         1
 Pain                     Necr           32%        1d5       11%         1
 Corpse Rot               Necr/Air       16%        N/A       17%         2
 Static Discharge         Conj/Air       5%         N/A       26%         2
 Dispel Undead            Necr           8%         3d8       73%         4


Dungeon Overview and Level Annotations

Branches:
Dungeon (1/15)

Altars:


Innate Abilities, Weirdness & Mutations

You have extremely sharp teeth.
When hurt, damage is shared between your health and your magic reserves.
Your bite disrupts and absorbs the magic of your enemies.
Potions cannot restore your health.


Message History

The hobgoblin hits you.
* * * LOW HITPOINT WARNING * * *
You closely miss the hobgoblin. Your bite misses the hobgoblin.
The hobgoblin is heavily wounded.
You block the hobgoblin's attack.
You hit the hobgoblin but do no damage.
The hobgoblin is heavily wounded.
The hobgoblin barely misses you.
You barely miss the hobgoblin.
The hobgoblin is heavily wounded.
The hobgoblin hits you.
* * * LOW HITPOINT WARNING * * *
You barely miss the hobgoblin. Your bite misses the hobgoblin.
The hobgoblin is heavily wounded.
The hobgoblin barely misses you.
You barely miss the hobgoblin.
You bite the hobgoblin, but do no damage.
The hobgoblin is moderately wounded.
The hobgoblin hits you.
* * * LOW HITPOINT WARNING * * *
You block the hobgoblin's attack.
You aren't carrying any items that you can evoke.
Unknown command.
The hobgoblin barely misses you.
You hit the hobgoblin. Your bite misses the hobgoblin.
The hobgoblin is moderately wounded.
The hobgoblin barely misses you.
You closely miss the hobgoblin.
You bite the hobgoblin, but do no damage.
The hobgoblin is moderately wounded.
The hobgoblin hits you.
You closely miss the hobgoblin.
The hobgoblin is moderately wounded.
The hobgoblin hits you.
* * * LOW HITPOINT WARNING * * *
You hit the hobgoblin.
You bite the hobgoblin, but do no damage.
The hobgoblin is almost dead.
The hobgoblin hits you.
You die...

#.... ...#...#
...#..#. ######
#.##.#..
.....#############
#.###...
####.............#
#.# ####
#############.#
#.###... #.#
#.##.#.. ##@##
#.##..#.
##g#.########.##...#
#.###..........#..).
##.#.#########......
##.## ######. ### #.
#. #. ##


You could see a hobgoblin.

Vanquished Creatures
  An endoplasm (D:1)
  A giant cockroach (D:1)
  3 goblins (D:1)
  2 hobgoblins (D:1)
  2 bats (D:1)
  A frilled lizard (D:1)
  2 rats (D:1)
12 creatures vanquished.

Vanquished Creatures (others)
  A plant (D:1)
1 creature vanquished.

Grand Total: 13 creatures vanquished

Notes
Turn   | Place    | Note
-------+----------+-------------------------------------------
     0 | D:1      | Zeldest the Vine Stalker Wanderer began the quest for the
                  | Orb.
     0 | D:1      | Zeldest set off with the following items: a +0 club, a +0
                  | robe, a +0 buckler; and the following spells available to
                  | memorise: Animate Skeleton, Pain, Corpse Rot, Static
                  | Discharge, Dispel Undead
     0 | D:1      | Reached XP level 1. HP: 10/10 MP: 4/4
   171 | D:1      | Reached skill level 1 in Unarmed Combat
   171 | D:1      | Reached XP level 2. HP: 3/14 MP: 4/6
   230 | D:1      | Found a faded altar of an unknown god.
   444 | D:1      | Slain by a hobgoblin

Illustrated notes

Levels and vault maps discovered:
D:1:      dpeg_arrival_subterranean_lakeside_camping, layout_loops_ring,
          shapermc_ecumenical_altar_gd, kennysheep_doodads,
          hangedman_decor_diamond_cutter

Skill      XL: |  1 |
---------------+----+-----
Unarmed Combat | 1 |  1.2
Fighting       | |  1.3
Armour         | |  1.0
Shields        | |  1.3
Spellcasting   | |  2.1
Necromancy     | |  2.0
Air Magic      | |  2.0
Evocations     | |  1.0

Action                   || total
-------------------------++-------
Melee: Dagger            ||    55
       Unarmed           ||     7
       Bite              ||    16
 Stab: Sleeping          ||     1
Armor: Robe              ||    10
Dodge: Dodged            ||    32
Block: Buckler           ||     9
